 Dungeon Crawl Stone Soup version 0.14.1 (webtiles) character file.

361 Heini the Skirmisher (level 6, -9/56 HPs)
             Began as a Hill Orc Fighter on Apr 28, 2014.
             Mangled by an ogre
             ... wielding a +0,+0 giant club
              (14 damage)
             ... on Level 4 of the Dungeon.
             The game lasted 00:06:36 (2455 turns).

Heini the Skirmisher (Hill Orc Fighter)             Turns: 2455, Time: 00:06:37

HP  -9/56        AC 11     Str 21      XL: 6   Next:  5%
MP   6/6         EV  6     Int  8      God:
Gold 128         SH 18     Dex 10      Spells:  0 memorised,  5 levels left

rFire  . . .     SeeInvis .     a - +0 war axe
rCold  . . .     Clarity  +     b - +0 scale mail
rNeg   . . .     Conserve .     c - +0 shield
rPois  .         rCorr    .     l - +0 hat
rElec  .         rRot     .     (no cloak)
SustAb . .       Spirit   .     g - +0 pair of gloves
rMut   .         Warding  .     f - +2 pair of boots
Saprov + . .     Stasis   .     i - amulet of clarity {unknown}
MR     .....                    (no ring)
                                (no ring)

@: not resistant to hostile enchantments, extremely unstealthy
A: saprovore 1
a: no special abilities


You were on level 4 of the Dungeon.
You were not hungry.

You visited 1 branch of the dungeon, and saw 4 of its levels.

You collected 128 gold pieces.

Inventory:

Hand weapons
 a - a +0,+0 war axe (weapon)
Armour
 b - a +0 scale mail (worn)
 c - a +0 shield (worn)
 f - a +2 pair of boots (worn)
 g - a +0 pair of gloves (worn)
 l - a +0 hat (worn)
Magical devices
 r - a wand of magic darts (11)
Comestibles
 d - a meat ration
 o - a choko
 s - a pear
 u - a chunk of hound flesh
 w - a bread ration
 x - 2 rotting chunks of jackal flesh
Scrolls
 h - 2 scrolls of remove curse
 m - 2 scrolls of identify
 t - 2 scrolls of teleportation {unknown}
Jewellery
 i - an amulet of clarity (around neck) {unknown}
 n - an uncursed ring of protection from fire {unknown}
Potions
 e - a potion of might
 j - 2 potions of invisibility
 k - 2 potions of heal wounds
 p - 4 potions of curing
 q - a potion of confusion {unknown}
 v - a potion of cure mutation {unknown}


   Skills:
 * Level 5.0 Fighting
 * Level 5.0 Axes
 * Level 5.0 Armour
 - Level 3.5 Shields


You had 5 spell levels left.
You didn't know any spells.

Dungeon Overview and Level Annotations

Branches:
Dungeon (4/15)
 Temple: D:4-7

Altars:
Ashenzari
Kikubaaqudgha
Yredelemnul
The Shining One


Innate Abilities, Weirdness & Mutations

You can tolerate rotten meat.


Message History

You smell something rotten. (slot x)
An ogre comes into view. It is wielding a giant club.
The ogre shouts!
You slash the ogre!
The ogre is moderately wounded.
The ogre hits you with a giant club!
You completely miss the ogre.
The ogre is moderately wounded.
The ogre hits you with a giant club!
You slash the ogre!
The ogre is severely wounded.
The ogre hits you with a giant club!
* * * LOW HITPOINT WARNING * * *
You hit the ogre.
The ogre is severely wounded.
You block the ogre's attack.
You barely miss the ogre.
The ogre is severely wounded.
The ogre hits you with a giant club!
You die...

############
.......O@..#
##########.#
#.# #.# #.#
#.# #.#
###### #.#
#....# #.#
#....#


You could see an ogre.

Vanquished Creatures
  A hound (D:4)
  Ijyb (D:2)
  Jessica (D:3)
  Terence (D:2)
  6 adders
  2 worms (D:2)
  2 giant eyeballs (D:4)
  An ooze (D:4)
  2 ball pythons (D:3)
  3 giant cockroaches
  9 goblins
  9 hobgoblins
  6 jackals
  2 quokkas (D:3)
  7 bats
  4 giant geckos
  3 giant newts
  9 kobolds
  A kobold zombie (D:2)
  7 rats
77 creatures vanquished.

Notes
Turn   | Place    | Note
--------------------------------------------------------------
     0 | D:1      | Heini, the Hill Orc Fighter, began the quest for the Orb.
     0 | D:1      | Reached XP level 1. HP: 19/19 MP: 1/1
   205 | D:1      | Reached XP level 2. HP: 20/27 MP: 2/2
   577 | D:2      | Reached XP level 3. HP: 33/33 MP: 3/3
   590 | D:2      | Reached skill level 4 in Fighting
   994 | D:2      | Reached XP level 4. HP: 37/40 MP: 4/4
  1059 | D:2      | Noticed Terence
  1077 | D:2      | Killed Terence
  1118 | D:2      | Noticed a human
  1124 | D:2      | Found a basalt altar of Yredelemnul.
  1309 | D:2      | Noticed Ijyb
  1320 | D:2      | Killed Ijyb
  1320 | D:2      | Reached XP level 5. HP: 42/47 MP: 5/5
  1781 | D:3      | Found a glowing golden altar of the Shining One.
  1831 | D:3      | Found an ancient bone altar of Kikubaaqudgha.
  1894 | D:3      | Noticed Jessica
  1900 | D:3      | Killed Jessica
  2082 | D:3      | Found a shattered altar of Ashenzari.
  2160 | D:4      | Paralysed by a giant eyeball for 3 turns
  2200 | D:4      | Paralysed by a giant eyeball for 3 turns
  2252 | D:4      | Reached skill level 5 in Fighting
  2252 | D:4      | Reached skill level 5 in Axes
  2252 | D:4      | Reached skill level 5 in Armour
  2261 | D:4      | Reached XP level 6. HP: 35/56 MP: 6/6
  2448 | D:4      | Noticed an ogre
  2455 | D:4      | Mangled by an ogre

Action                   |  1- 3 |  4- 6 || total
-------------------------+-------+-------++-------
Melee: War axe           |   129 |   195 ||   324
  Use: Scroll            |       |    10 ||    10
